 Dungeon Crawl Stone Soup version 0.20-a0-261-gcb1eca7 (webtiles) character file.

665 Ladykiller69 the Slasher (level 7, -7/57 HPs)
             Began as a Minotaur Gladiator on Dec 3, 2016.
             Mangled by an orc warrior
             ... wielding a +0 mace
              (18 damage)
             ... on level 5 of the Dungeon.
             The game lasted 00:11:58 (4283 turns).

Ladykiller69 the Slasher (Minotaur Gladiator)       Turns: 4283, Time: 00:11:59

Health: -7/57      AC: 10    Str: 20    XL:     7   Next: 31%
Magic:  6/6        EV: 10    Int:  5    God:
Gold:   278        SH:  0    Dex: 12    Spells: 6/6 levels left

rFire  . . .     SeeInvis .     a - +0 long sword
rCold  . . .     Gourm    .     A - +0 chain mail
rNeg   . . .     Faith    .     (no shield)
rPois  .         Spirit   .     c - +0 hat
rElec  .         Reflect  .     (no cloak)
rCorr  .         Harm     .     l - +0 pair of gloves
MR     .....                    (no boots)
Stlth  ..........               (no amulet)
                                (no ring)
                                (no ring)

@: no status effects
A: retaliatory headbutt, horns 2
a: no special abilities


You were on level 5 of the Dungeon.
You were not hungry.

You visited 1 branch of the dungeon, and saw 7 of its levels.

You collected 278 gold pieces.

Inventory:

Hand Weapons
 a - a +0 long sword (weapon)
Missiles
 d - 2 throwing nets (quivered)
 n - 110 stones
 q - 70 arrows
 v - 8 tomahawks
 E - 4 large rocks
 I - 20 bolts
Armour
 b - a +0 leather armour
 c - a +0 hat (worn)
 l - a +0 pair of gloves (worn)
 u - a +0 scale mail
 A - a +0 chain mail (worn)
Jewellery
 g - an uncursed amulet of magic regeneration {unknown}
 i - an uncursed ring of protection from fire {unknown}
 r - an uncursed amulet of faith {unknown}
 x - a +1 ring of evasion {unknown}
 y - an uncursed ring of magical power {unknown}
 K - an uncursed amulet of the gourmand {unknown}
Scrolls
 e - 2 scrolls of enchant armour {unknown}
 h - 4 scrolls of teleportation {unknown}
 j - 4 scrolls of identify {unknown}
 k - 2 scrolls of fear {unknown}
 p - 2 scrolls of random uselessness {unknown}
 s - 2 scrolls of immolation {unknown}
 t - 3 scrolls of recharging {unknown}
 C - 2 scrolls of remove curse {unknown}
 F - a scroll of amnesia {unknown}
 G - a scroll of enchant weapon {unknown}
 J - a scroll of noise {unknown}
Potions
 m - a potion of agility {unknown}
 o - a potion of resistance {unknown}
 z - 2 potions of curing {unknown}
 B - a potion of haste {unknown}
 D - a potion of cancellation {unknown}
 H - a potion of brilliance {unknown}
 L - a potion of might {unknown}
Comestibles
 f - 3 bread rations
 w - 7 fruits


   Skills:
 - Level 3.0 Fighting
 * Level 7.6 Long Blades
 - Level 2.0 Throwing
 + Level 3.8 Armour
 + Level 5.7 Dodging


You had 6 spell levels left.
You didn't know any spells.

Dungeon Overview and Level Annotations

Branches:
Dungeon (7/15)
 Temple: D:4-7

Altars:
Elyvilon
Ru
Sif Muna
Trog
Beogh


Innate Abilities, Weirdness & Mutations

You reflexively headbutt those who attack you in melee.
You have a pair of horns on your head.


Message History

The orc warrior hits you with a mace.
You hit the orc warrior but do no damage.
The orc warrior is moderately wounded.
The orc warrior closely misses you. You furiously retaliate!
You headbutt the orc warrior, but do no damage.
You hit the orc warrior. Your headbutt misses the orc warrior.
The orc warrior is heavily wounded.
The orc warrior hits you with a mace!!
* * * LOW HITPOINT WARNING * * *
Quiver which item? (- for none, * to show all) (? for menu, Esc to quit)
Okay, then.
Quiver which item? (- for none, * to show all) (? for menu, Esc to quit)
Quivering
d - 3 throwing nets for throwing.
Throwing (i - inventory. (,) - cycle):
d - 3 throwing nets (quivered)
Press: ? - help, Shift-Dir - straight line, f/p - orc warrior
Aim: an orc warrior, wielding a mace and wearing a plate armour (heavily wounded)
You throw a throwing net.
The throwing net closely misses the orc warrior.
The orc warrior hits you with a mace!!
You die...

...........#### #
........##.#.. #
.......>##.#.# ..
........##.#.# ..
.............#
.........###.#######. ..
..........##...........
......#...o.########.###
......#..@#.# #.........
###.###...#.###....#.##
#.................#.
###+#####..#.#..##...
.... ###.......#..#
#..#......###...##
#('.##...#≈≈...≈≈
#..####...#≈..♣..≈ ....
#............


You could see an orc warrior.

Vanquished Creatures
  A phantom (D:5)
  A bullfrog (D:7)
  2 scorpions (D:4)
  2 orc priests (D:4)
  A hound (D:4)
  2 jellies
  An iguana (D:4)
  A worker ant (D:5)
  4 gnolls (D:3)
  8 adders
  An ooze (D:3)
  An adder skeleton (D:4)
  2 worms
  A dart slug (D:3)
  2 leopard geckos
  8 orcs
  A ball python (D:1)
  9 bats
  7 giant cockroaches
  10 goblins
  4 hobgoblins
  4 jackals (D:1)
  8 kobolds
  3 quokkas
  2 frilled lizards
  4 rats
90 creatures vanquished.

Notes
Turn   | Place    | Note
-------+----------+-------------------------------------------
     0 | D:1      | Ladykiller69 the Minotaur Gladiator began the quest for the Orb.
     0 | D:1      | Reached XP level 1. HP: 18/18 MP: 0/0
   199 | D:1      | Reached skill level 4 in Long Blades
   216 | D:1      | Reached XP level 2. HP: 23/25 MP: 1/1
   919 | D:2      | Reached XP level 3. HP: 24/30 MP: 2/2
  1224 | D:2      | Reached skill level 5 in Long Blades
  1276 | D:2      | Reached XP level 4. HP: 30/38 MP: 3/3
  1695 | D:3      | Found a sacrificial altar of Ru.
  1732 | D:3      | Found a bloodstained altar of Trog.
  1940 | D:3      | Reached skill level 1 in Armour
  2044 | D:3      | Reached XP level 5. HP: 33/45 MP: 4/4
  2785 | D:4      | Reached skill level 6 in Long Blades
  2954 | D:4      | Found a roughly hewn altar of Beogh.
  3326 | D:4      | Reached XP level 6. HP: 49/51 MP: 5/5
  3360 | D:4      | Reached skill level 5 in Dodging
  3678 | D:5      | Entered Level 5 of the Dungeon
  3750 | D:5      | Reached skill level 7 in Long Blades
  3870 | D:5      | Reached XP level 7. HP: 39/57 MP: 6/6
  3914 | D:5      | You fall through a shaft for 2 floors!
  4010 | D:7      | Found a deep blue altar of Sif Muna.
  4226 | D:5      | Found a white marble altar of Elyvilon.
  4283 | D:5      | Mangled by an orc warrior

Vault maps used:
D:1:      dpeg_arrival_pits, serial_curves, eino_curves_04, eino_curves_03,
          grunt_decor_one_mirror, minmay_misc_feat_four_crosses,
          minmay_misc_feat_plants
D:2:      kennysheep_nondescript
D:3:      lemuel_crystal_altar, bloody_trog
D:4:      kennysheep_orc_chapel
D:5:      elyvilon_altar_4, lemuel_coloured_pillars_altar, first_bread,
          serial_shops, kennysheep_mini, shop,
          nicolae_shop_temple_entry_statues_fountains,
          kennysheep_generic_room_13
D:6:      lemuel_crystal_altar, gup_sewer_entry_bubbles
D:7:      lemuel_round_altar, doesnt_xom_only_xom, serial_shops, shop_fountains

Skill      XL: |  1  2  3  4  5  6 |
---------------+-------------------+-----
Long Blades    | 4 5 6 7 |  7.6
Fighting       | 3 |  3.0
Dodging        | 4 5 |  5.7
Armour         | 1 2 3 |  3.8
Throwing       | |  2.0

Action                   |  1- 3 |  4- 6 |  7- 9 || total
-------------------------+-------+-------+-------++-------
Melee: Long sword        |    69 |   144 |    22 ||   235
       Headbutt          |    14 |    30 |     3 ||    47
Throw: Throwing net      |       |       |     1 ||     1
       Tomahawk          |       |       |     1 ||     1
  Eat: Chunk             |     1 |     8 |     2 ||    11
Armor: Leather armour    |    13 |       |       ||    13
       Scale mail        |    11 |    26 |       ||    37
       Chain mail        |       |    39 |     4 ||    43
Dodge: Dodged            |    51 |    77 |    12 ||   140
       Rpst.: Long sword |    16 |    27 |     3 ||    46
